 Dungeon Crawl Stone Soup version 0.31-a0-219-g8d62b2e7bb (webtiles) character file.

Game seed: 7380399674308176595

5338 protoss039 the Covert (level 10, -4/60 HPs)
             Began as a Vampire Enchanter on July 3, 2023.
             Was an Initiate of Dithmenos.
             Killed by the air
             ... invoked by Gastronok
              (21 damage)
             ... on level 8 of the Dungeon.
             The game lasted 00:20:19 (8198 turns).

protoss039 the Covert (Vampire Enchanter)           Turns: 8198, Time: 00:20:20

Health: -4/60      AC:  4    Str:  7    XL:     10   Next: 38%
Magic:  32/35      EV: 15    Int: 17    God:    Dithmenos [......]
Gold:   203        SH:  5    Dex: 20    Spells: 7/18 levels left

rFire   . . .        h - +4 short sword
rCold   + + .        (no shield)
rNeg    + + +        l - +0 leather armour of Lifelessness {Will+}
rPois   ∞            (no helmet)
rElec   .            (no cloak)
rCorr   .            p - +0 pair of gloves
SInv    +            (no boots)
Will    ++...        u - amulet of reflection
Stlth   ++++++       g - ring of magical power
HPRegen 0.00/turn    i - ring of magical power
MPRegen 0.24/turn

%: reflection
@: about to teleport, bloodless, inhibited regen, slowed, invisible, very slow
A: bloodless, fangs 3, see invisible, vampiric 2
a: Bat Form, Revivify, Renounce Religion


You were on level 8 of the Dungeon.
You worshipped Dithmenos.
Dithmenos was noncommittal.
You visited 2 branches of the dungeon, and saw 9 of its levels.
You also visited: Sewer.

You collected 374 gold pieces.
You spent 171 gold pieces at shops.

Inventory:

Hand Weapons
 h - a +4 short sword (weapon)
 J - a +3 scimitar of flaming
Missiles
 x - 6 atropa-tipped darts
 y - 9 poisoned darts
 D - a throwing net
Armour
 k - a +0 buckler
 l - the +0 leather armour of Lifelessness (worn) {Will+}
   (You found it on level 2 of the Dungeon)

   Will:      It increases your willpower.
 p - a +0 pair of gloves (worn)
 B - a +0 ring mail of fire resistance
Jewellery
 g - a ring of magical power (left hand)
 i - a ring of magical power (right hand)
 u - an amulet of reflection (around neck)
 C - a ring of resist corrosion
Wands
 s - a wand of iceblast (7)
 A - a wand of flame (21)
Scrolls
 a - a scroll of identify
 b - 2 scrolls of poison {unknown}
 e - 3 scrolls of revelation
 f - 2 scrolls of immolation {unknown}
 j - 2 scrolls of enchant armour
 n - 2 scrolls of summoning {unknown}
 o - 2 scrolls of fog {unknown}
 t - 2 scrolls of teleportation
 v - a scroll of enchant weapon {unknown}
Potions
 c - 2 potions of invisibility
 d - 2 potions of magic
 m - a potion of curing
 q - a potion of resistance {unknown}
 r - 2 potions of enlightenment {unknown}
 w - 3 potions of haste {unknown}
 z - 2 potions of attraction {unknown}
 F - a potion of berserk rage {unknown}
 G - a potion of brilliance {unknown}
 H - a potion of mutation {unknown}
 I - a potion of might {unknown}


   Skills:
 * Level 6.2 Fighting
 - Level 3.0 Short Blades
 - Level 3.0 Throwing
 - Level 3.0 Armour
 + Level 5.9 Dodging
 + Level 9.1 Stealth
 - Level 3.0 Shields
 + Level 4.8 Spellcasting
 + Level 2.5 Conjurations
 - Level 6.0 Hexes
 - Level 3.0 Ice Magic
 * Level 4.0 Invocations
 - Level 3.0 Evocations


You had 7 spell levels left.
You knew the following spells:

 Your Spells              Type           Power      Damage    Failure   Level
a - Ensorcelled Hibernat  Hex/Ice        38%        N/A       4%          2
b - Confusing Touch       Hex            24%        N/A       5%          3
c - Tukima's Dance        Hex            24%        N/A       5%          3
d - Dazzling Flash        Conj/Hex       36%        N/A       11%         3

Your spell library contained the following spells:

 Spells                   Type           Power      Damage    Failure   Level
 Kiss of Death            Conj/Necr      32%        2d7       12%         1
 Ozocubu's Armour         Ice            14%        N/A       19%         3
 Metabolic Englaciation   Hex/Ice        9%         N/A       67%         5
 Dispel Undead            Necr           4%         3d7       91%         4
 Simulacrum               Ice/Necr       4%         N/A       100%        6


Dungeon Overview and Level Annotations

Branches:
Dungeon (8/15) Zot: 26129  Temple (1/1) D:6 Zot: 5864    Lair (0/5) D:8
  Sewer (visited)

Altars:
Cheibriados
Dithmenos
Gozag
Hepliaklqana
Kikubaaqudgha
Makhleb
Okawaru
Qazlal
Ru
Sif Muna
Trog
Uskayaw
Vehumet
Wu Jian
Xom
Yredelemnul

Shops:
D:3 !*=?   D:6 *

Annotations:
D:4 1 runed translucent door, vineage's ghost, novice MfFi
D:8 exclusion: wight, Gastronok


Innate Abilities, Weirdness & Mutations

You do not regenerate when monsters are visible.
You are frail without blood (-20% HP).
You can heal yourself when you bite living creatures.
You are immune to poison.
You have razor-sharp teeth.
You have supernaturally acute eyesight. (SInv)
You are afflicted with vampirism and can become a bat while bloodless.


Message History

Gastronok is moderately wounded.
Gastronok bites you!!
Ouch! That really hurt!
Unknown command.
Casting: Ensorcelled Hibernation (safe; 4% risk of failure)
Confirm with . or Enter, or press ? or * to list all spells.
Your hands begin to glow red.
You block Gastronok's attack.
You hit Gastronok but do no damage.
Gastronok is moderately wounded.
You hit Gastronok but do no damage.
Gastronok is moderately wounded.
Gastronok barely misses you.
You hit Gastronok but do no damage.
Gastronok is moderately wounded.
Gastronok bites you!!
* * * LOW HITPOINT WARNING * * *
Unknown command.
You fade into invisibility!
Unknown command.
You feel much better.
Gastronok wobbles crazily.
Gastronok waves his eye-stalks in wide circles.
The air twists around and strikes you!!
* * * LOW HITPOINT WARNING * * *
Unknown command.
You feel better.
Unknown command.
You feel better.
Your hands stop glowing.
Gastronok waves his eye-stalks in wide circles.
The air twists around and strikes you!
* * * LOW HITPOINT WARNING * * *
You feel better.
As you read the scroll of teleportation, it crumbles to dust.
You feel strangely unstable. Gastronok bites you but does no damage.
You see here a +0 robe.
Unknown command.
Gastronok waves his eye-stalks in wide circles.
The air twists around and strikes you!!
You die...

#.P.....P......P#
#......P.P..P...#
#......P..PPP.###
#.P.....PP.......
#P...PP...♣..##.
###PP....P..#.##.
#.........##..##.
########.####....#...##.
#...w.[@..# ##.##.######
#.######.## #.#### # ###
#.# # ##'## #. ##...##
###.##### ##.....## #
#.......# ##.......## ##
##.......####.........####.
...........'...>.....'....


You could see Gastronok.

Vanquished Creatures
  Erica (D:8)
  An ugly thing (D:8)
  A shadow (D:7)
  3 wyverns (D:8)
  4 yaks (D:8)
  Eustachio (D:6)
  Edmund (D:4)
  5 water moccasins
  An orc warrior (D:6)
  2 ice beasts (D:6)
  A black bear (D:6)
  4 phantoms
  4 kobold brigands (Sewer)
  2 scorpions (D:5)
  5 wights
  4 killer bees (D:8)
  An electric eel (D:6)
  5 hounds
  A gnoll bouda (D:6)
  2 orc priests (D:6)
  A jelly (D:6)
  5 iguanas
  2 sleepcaps
  2 orc wizards (D:6)
  3 gnolls (D:6)
  5 adders
  4 river rats (Sewer)
  2 shadow imps (D:7)
  3 white imps
  6 dart slugs
  4 orcs
  8 endoplasms
  2 giant cockroaches
  6 goblins
  7 hobgoblins
  A jackal (Sewer)
  4 quokkas
  10 ball pythons
  3 bats
  3 frilled lizards
  11 kobolds
  9 rats
150 creatures vanquished.

Vanquished Creatures (collateral kills)
  2 wights (D:8)
2 creatures vanquished.

Grand Total: 152 creatures vanquished

Notes
Turn   | Place    | Note
-------+----------+-------------------------------------------
     0 | D:1      | protoss039 the Vampire Enchanter began the quest for the
                  | Orb.
     0 | D:1      | Reached XP level 1. HP: 13/13 MP: 3/3
   340 | D:1      | Reached XP level 2. HP: 20/20 MP: 5/5
   343 | D:1      | Learned a level 2 spell: Ensorcelled Hibernation
  1083 | D:2      | Gained mutation: You are afflicted with vampirism and can
                  | become a bat while bloodless. [Vampire growth]
  1083 | D:2      | Reached XP level 3. HP: 20/20 MP: 6/6
  1271 | D:2      | Reached skill level 1 in Fighting
  1271 | D:2      | Reached skill level 5 in Stealth
  1312 | D:2      | Identified the +0 leather armour of Lifelessness {Will+}
  1939 | D:3      | Found Esom's Jewellery Shoppe.
  1989 | D:3      | Found Olomeaxu's Magic Scroll Boutique.
  2017 | D:3      | Found Coera's Assorted Antiques.
  2044 | D:3      | Bought a scroll of identify for 48 gold pieces
  2044 | D:3      | Bought a viscous emerald potion for 21 gold pieces
  2065 | D:3      | Found Zytadoke's Distillery.
  2073 | D:3      | Bought a potion of degeneration for 10 gold pieces
  2180 | D:3      | Reached XP level 4. HP: 25/25 MP: 7/7
  2256 | D:3      | Bought a scroll of teleportation for 42 gold pieces
  2313 | D:3      | Learned a level 3 spell: Confusing Touch
  2397 | D:4      | Reached skill level 1 in Ice Magic
  2435 | D:4      | Found a runed translucent door.
  2435 | D:4      | Noticed vineage's ghost (novice MfFi)
  2623 | D:4      | Found an iron altar of Okawaru.
  2829 | D:4      | Reached skill level 1 in Armour
  2829 | D:4      | Reached XP level 5. HP: 25/30 MP: 8/8
  2899 | D:4      | Found a glowing drain.
  2916 | Sewer    | Entered a sewer
  3071 | Sewer    | Reached XP level 6. HP: 32/35 MP: 10/10
  3075 | Sewer    | Learned a level 3 spell: Tukima's Dance
  3776 | Sewer    | Reached skill level 6 in Stealth
  3859 | Sewer    | Reached XP level 7. HP: 37/40 MP: 11/11
  4064 | D:4      | Found a shimmering altar of Xom.
  4117 | D:4      | Noticed Edmund
  4135 | D:4      | Killed Edmund
  4136 | D:4      | Reached skill level 1 in Shields
  4339 | D:5      | Entered Level 5 of the Dungeon
  4540 | D:5      | Reached skill level 5 in Hexes
  5171 | D:6      | Noticed Eustachio
  5177 | D:6      | Killed Eustachio
  5178 | D:6      | Reached skill level 1 in Throwing
  5178 | D:6      | Reached skill level 1 in Evocations
  5178 | D:6      | Reached XP level 8. HP: 46/46 MP: 13/13
  5353 | D:6      | Learned a level 3 spell: Dazzling Flash
  5368 | D:6      | Found an ornate altar of the Wu Jian Council.
  5415 | D:6      | Reached skill level 7 in Stealth
  5867 | D:6      | Found Feemut's General Store.
  5894 | D:6      | Bought a potion of heal wounds for 50 gold pieces
  5987 | D:6      | Reached skill level 1 in Conjurations
  6005 | D:6      | Reached XP level 9. HP: 46/46 MP: 14/14
  6343 | D:6      | Found a staircase to the Ecumenical Temple.
  6352 | Temple   | Entered the Ecumenical Temple
  6471 | Temple   | Became a worshipper of Dithmenos the Shadowed
  6543 | D:7      | Reached skill level 1 in Invocations
  6970 | D:7      | Found a hide-covered altar of Uskayaw.
  7205 | D:7      | Found a shimmering blue altar of Sif Muna.
  7390 | D:8      | Reached skill level 5 in Dodging
  7491 | D:8      | Noticed a brown ugly thing
  7497 | D:8      | Reached skill level 5 in Fighting
  7536 | D:8      | Killed a brown ugly thing
  7537 | D:8      | Reached skill level 8 in Stealth
  7675 | D:8      | Found a staircase to the Lair.
  7700 | D:8      | Reached XP level 10. HP: 58/60 MP: 16/16
  8169 | D:8      | Noticed Erica
  8171 | D:8      | Noticed Gastronok
  8177 | D:8      | Killed Erica
  8178 | D:8      | Reached skill level 9 in Stealth
  8198 | D:8      | Killed from afar by Gastronok

Illustrated notes

Levels and vault maps discovered:
D:1:      dpeg_arrival_boxorama, layout_loops_ring
D:2:      layout_basic, grunt_decor_arrowhead, nicolae_kite_square_tiling_tiny
D:3:      layout_rooms, serial_shops, nicolae_shop_window_shopping,
          nicolae_shop_advertising_works [nicolae_subvault_shop_adworks], shop,
          shop
D:4:      layout_basic, tso_oasis_becter, okawaru_gym_becter,
          mainiacjoe_overflow_boulevard, gammafunk_ghost_grave,
          portal_sewer_entry_b, chequers_serial_rivers_micro_a, uniq_edmund
D:5:      layout_loops_ring, minivault_26
D:6:      layout_basic, nzn_wu_jian_contemplation, minmay_temple_entry_poolview,
          serial_shops, shop, minmay_hedge_maze, dreamdust_princess_corridor,
          kennysheep_dice, uniq_eustachio
D:7:      layout_loops_ring, lemuel_tele_altar, eat_drink_and_be_merry_uskayaw,
          minmay_misc_feat_tower, minmay_misc_feat_rugged,
          kennysheep_big_empty_room
D:8:      layout_loops_corners, minmay_lair_entry_grove,
          nicolae_concentric_dashed_squares_wild, hangedman_misty_isle,
          uniq_erica, uniq_gastronok, uniq_prince_ribbit1
Temple:   dshaligram_water_room_temple

Skill      XL: |  1  2  3  4  5  6  7  8  9 10 |
---------------+-------------------------------+-----
Fighting       | 1 2 3 4 5 6 |  6.2
Stealth        | 5 6 7 8 9 |  9.1
Short Blades   | 2 3 |  3.0
Ice Magic      | 1 2 3 |  3.0
Armour         | 1 2 3 |  3.0
Dodging        | 3 4 5 |  5.9
Spellcasting   | 3 4 |  4.8
Shields        | 1 2 3 |  3.0
Hexes          | 5 6 |  6.0
Throwing       | 1 2 3 |  3.0
Evocations     | 1 2 3 |  3.0
Conjurations   | 1 2 |  2.5
Invocations    | 3 4 |  4.0

Action                     |  1- 3 |  4- 6 |  7- 9 | 10-12 || total
---------------------------+-------+-------+-------+-------++-------
  Melee: Dagger            |    21 |       |       |       ||    21
         Bite              |     3 |     8 |    23 |     4 ||    38
         Short sword       |    48 |   101 |   200 |    27 ||   376
         Punch             |       |       |     2 |       ||     2
   Cast: Ensorcelled Hiber |    12 |    42 |    38 |    18 ||   110
         Confusing Touch   |       |     3 |    18 |     1 ||    22
         Tukima's Dance    |       |       |     4 |       ||     4
Ability: Exsanguinate      |     1 |       |     1 |       ||     2
         Revivify          |       |       |     1 |       ||     1
    Use: Scroll            |     3 |       |     3 |     1 ||     7
         Potion            |       |       |     1 |     5 ||     6
   Stab: Sleeping          |    31 |    33 |    54 |    10 ||   128
         Distracted        |     1 |       |       |       ||     1
         Confused          |       |     1 |    13 |       ||    14
         Invisible         |       |       |     1 |       ||     1
 Armour: Robe              |     6 |       |       |       ||     6
         Leather armour    |       |    19 |    32 |     2 ||    53
  Dodge: Dodged            |    34 |    58 |   104 |    20 ||   216
  Block: Other             |       |    20 |    42 |     7 ||    69

Table legend: (Time is in decaauts)
 A = Elapsed time spent in this place.
 B = Non-inter-level travel time spent in this place.
 C = Inter-level travel time spent in this place.
 D = Time resting spent in this place.
 E = Time spent auto-exploring this place.
 F = Levels seen in this place.
 G = Mean time per level.
                   A        B        C        D        E       F      G
               +--------+--------+--------+--------+--------+-----+--------+
         Total |   8297 |   8141 |    156 |    946 |   5647 |  10 |  829.7 |
       Dungeon |   6930 |   6796 |    134 |    576 |   5048 |   8 |  866.2 |
        Temple |    135 |    113 |     22 |      0 |    100 |   1 |  135.0 |
         Sewer |   1230 |   1230 |      0 |    370 |    499 |   1 | 1230.0 |
               +--------+--------+--------+--------+--------+-----+--------+

Top non-repeatable levels by time:
     D:6: 1388 daAuts
   Sewer: 1230 daAuts
     D:2: 1001 daAuts
     D:4: 924 daAuts
     D:1: 923 daAuts
     D:8: 869 daAuts
     D:5: 725 daAuts
     D:7: 717 daAuts
     D:3: 380 daAuts
  Temple: 135 daAuts
